 Dungeon Crawl Stone Soup version 0.28-a0-595-g9f6c0e134a (webtiles) character file.

Game seed: 12469319132116643803

181403 Zenkrye the Severer (level 18, 0/137 (155) HPs)
             Began as a Formicid Abyssal Knight on Sept 30, 2021.
             Was an Elder of Lugonu.
             Killed from afar by Sojobo (12 damage)
             ... with a bolt of lightning
             ... on level 2 of the Vaults on Oct 4, 2021.
             The game lasted 02:17:52 (46948 turns).

Zenkrye the Severer (Formicid Abyssal Knight)      Turns: 46948, Time: 02:17:53

HP:   0/137 (155)   AC: 21    Str: 23    XL:     18   Next: 58%
MP:   25/26         EV: 10    Int: 13    God:    Lugonu [****..]
Gold: 1117          SH: 17    Dex: 22    Spells: 17/17 levels left

rFire   + + .      SeeInvis +   x - +6 executioner's axe of Qazlal's Hope {freeze, Dex+2}
rCold   + . .      Faith    .   Y - +2 kite shield {reflect}
rNeg    . . .      Spirit   .   G - +0 plate armour
rPois   +          Reflect  +   (helmet unavailable)
rElec   +          Harm     .   S - +0 cloak
rCorr   +          Rampage  .   d - +1 pair of gloves
Will    ++...                   a - +0 pair of boots
Stlth   ..........              g - amulet of the acrobat
HPRegen 0.32/turn               H - ring "Muygadyph" {rPois rF+ rC- Will+ Int+3}
MPRegen 0.20/turn               l - ring "Hiasitot" {rC+ rCorr Dex+6 Stlth-}

@: mighty, resistant, heavily drained
A: permanent stasis, dig shafts and tunnels, antennae 3, four strong arms,
subdued magic 1
}: 1/15 runes: serpentine
a: Dig, Shaft Self, Renounce Religion, Depart the Abyss, Bend Space, Banish,
Corrupt


You were on level 2 of the Vaults.
You worshipped Lugonu.
Lugonu was greatly pleased with you.
You visited 6 branches of the dungeon, and saw 30 of its levels.
You visited the Abyss 4 times.
You also visited: Bailey.

You collected 2458 gold pieces.
You spent 1341 gold pieces at shops.

Inventory:

Hand Weapons
 p - a +1 battleaxe of flaming
 x - the +6 executioner's axe of Qazlal's Hope (weapon) {freeze, Dex+2}
   (You bought it in a shop on level 1 of the Orcish Mines)

   It freezes those it strikes, dealing additional cold damage.
   It can also slow down cold-blooded creatures.
   Dex:       It affects your dexterity (+2).
 y - a +0 arbalest
 K - a +5 vorpal executioner's axe
 O - a +0 broad axe
Missiles
 f - 64 boomerangs (quivered)
 h - 12 silver javelins
 s - 4 throwing nets {!f}
 u - 6 boomerangs of dispersal
 E - 156 bolts
 X - 4 curare-tipped darts
Armour
 a - a +0 pair of boots (worn)
 d - a +1 pair of gloves (worn)
 G - a +0 plate armour (worn)
 P - a +1 tower shield of protection
 S - a +0 cloak (worn)
 Y - a +2 kite shield of reflection (worn)
Jewellery
 c - a ring of protection from cold
 g - an amulet of the acrobat (around neck)
 k - an amulet of guardian spirit
 l - the ring "Hiasitot" (right hand) {rC+ rCorr Dex+6 Stlth-}
   (You acquired it on level 4 of the Lair of Beasts)

   [ring of dexterity]

   Dex:       It affects your dexterity (+6).
   rC:        It protects you from cold.
   rCorr:     It protects you from acid and corrosion.
   Stlth:     It makes you less stealthy.
 v - a +4 ring of evasion
 D - the ring of Twilight {rC+ MP+9 Int+4 Dex-3}
   (You found it on level 1 of the Abyss)

   [ring of protection from cold]

   Int:       It affects your intelligence (+4).
   Dex:       It affects your dexterity (-3).
   rC:        It protects you from cold.
   MP:        It affects your magic capacity (+9).
 H - the ring "Muygadyph" (left hand) {rPois rF+ rC- Will+ Int+3}
   (You bought it in a shop on level 2 of the Dungeon)

   [ring of poison resistance]

   Int:       It affects your intelligence (+3).
   rF:        It protects you from fire.
   rC:        It makes you vulnerable to cold.
   rPois:     It protects you from poison.
   Will:      It increases your willpower.
 L - a +6 ring of strength
 N - a ring of flight
Wands
 q - a wand of mindburst (30)
 w - a wand of digging (9) {@v1}
 A - a wand of polymorph (6)
 F - a wand of iceblast (21) {@v4}
 I - a wand of charming (12)
Scrolls
 i - 2 scrolls of identify {@r1}
 m - a scroll of vulnerability
 o - 8 scrolls of enchant armour
 r - 10 scrolls of amnesia
 C - 2 scrolls of fear
 J - 3 scrolls of immolation
 M - 4 scrolls of holy word
 R - a scroll of fog
 V - 6 scrolls of magic mapping
Potions
 e - 8 potions of flight
 j - a potion of ambrosia
 t - a potion of lignification
 z - 2 potions of magic
 B - a potion of resistance {@q6}
 T - a potion of cancellation
 W - 2 potions of mutation
Miscellaneous
 n - a tin of tremorstones (1/2)
 Q - a box of beasts


   Skills:
 + Level 17.5 Fighting
 * Level 19.0 Axes
 - Level 12.0 Armour
 + Level 4.7 Dodging
 - Level 16.0 Shields
 + Level 11.5 Invocations
 - Level 5.0 Evocations


You had 17 spell levels left.
You didn't know any spells.
Your spell library contained the following spells:

 Spells                   Type           Power      Damage    Failure   Level
 Animate Skeleton         Necr           0%         N/A       96%         1
 Foxfire                  Conj/Fire      0%         2x1d4     96%         1
 Pain                     Necr           0%         1d4       96%         1
 Summon Small Mammal      Summ           0%         N/A       96%         1
 Ensorcelled Hibernation  Hex/Ice        0%         N/A       99%         2
 Slow                     Hex            0%         N/A       99%         2
 Call Canine Familiar     Summ           0%         N/A       100%        3
 Confusing Touch          Hex            0%         N/A       100%        3
 Conjure Flame            Conj/Fire      0%         6-21      100%        3
 Dazzling Flash           Conj/Hex       0%         N/A       100%        3
 Inner Flame              Hex/Fire       0%         N/A       100%        3
 Summon Guardian Golem    Hex/Summ       0%         N/A       100%        3
 Tukima's Dance           Hex            0%         N/A       100%        3
 Vampiric Draining        Necr           0%         2d6       100%        3
 Flame Wave               Conj/Fire      0%         3d3       100%        4
 Iskenderun's Mystic Bla  Conj/Tloc      0%         2d3       100%        4
 Summon Lightning Spire   Summ/Air       0%         N/A       100%        4
 Agony                    Necr           0%         N/A       100%        5
 Excruciating Wounds      Necr           0%         N/A       100%        5
 Freezing Cloud           Conj/Ice/Air   0%         6-21      100%        5
 Summon Forest            Summ/Tloc      0%         N/A       100%        5
 Eringya's Noxious Bog    Tmut/Pois      0%         N/A       100%        6
 Simulacrum               Ice/Necr       0%         N/A       100%        6
 Starburst                Conj/Fire      0%         6d3       100%        6
 Storm Form               Tmut/Air       0%         N/A       100%        7
 Summon Hydra             Summ           0%         N/A       100%        7
 Maxwell's Capacitive Co  Air            0%         ∞         100%        8
 Polar Vortex             Ice            0%         N/A       100%        9


Dungeon Overview and Level Annotations

Branches:
Dungeon (15/15)            Temple (0/1) D:6            Lair (6/6) D:11
 Shoals (0/4) Lair:2        Snake (4/4) Lair:4        Slime (0/5) Lair:6
    Orc (2/2) D:12            Elf (1/3) Orc:2        Vaults (1/5) D:13
  Crypt (0/3) Vaults:2     Depths (0/4) D:15         Bailey (visited)

Altars:
Fedhas
Gozag
Kikubaaqudgha
Makhleb
Nemelex Xobeh
Okawaru
Qazlal
Sif Muna
Trog
Vehumet
Xom
Yredelemnul
The Shining One
Beogh
Jiyva
Lugonu

Shops:
D:2 =   D:5 !   D:7 :   D:10 !   Orc:1 *:*(*   Orc:2 [?*(   Snake:4 *
Vaults:2 =

Portals:
Abyss: Lair:2

Annotations:
D:6 1 runed translucent door, Crazy Yiuf
D:12 2 transporters, iamoutofideas's ghost, journeyman DEFE
D:13 3 runed translucent doors, ClownBaby's ghost, adept DjIE
Lair:5 exclusion: oklob plant
Orc:1 3 runed translucent doors, Dittersdorf's ghost, journeyman GrFi
Vaults:2 Sojobo


Innate Abilities, Weirdness & Mutations

You cannot be hasted, slowed, berserked, paralysed or teleported.
You can dig through walls and to a lower floor.
You have a pair of large antennae on your head. (SInv)
Your four strong arms can wield two-handed weapons with a shield.
Your spells are a little easier to cast, but a little less powerful.


Message History

You struggle to resist.
The tengu reaver points at you and mumbles some strange words.
The bolt of negative energy hits you!!
You feel drained.
* * * LOW HITPOINT WARNING * * *
Sojobo waves her feathered arms in wide circles.
The air twists around and strikes you.
* * * LOW HITPOINT WARNING * * *
Space bends sharply around you!
You blink.
The air elemental fires a burst of electricity at you.
The stunning burst hits the air elemental.
The air elemental completely resists.
The stunning burst hits you but does no damage.
Your stasis prevents you from being paralysed.
You block the air elemental's attack.
The vault sentinel points at you and mumbles some strange words.
You struggle to resist.
The air elemental hits you but does no damage.
The tengu reaver gestures at you while chanting.
The bolt of fire hits you! You resist.
* * * LOW HITPOINT WARNING * * *
You block the air elemental's attack.
Okay, then.
Unknown command.
The tremorstone explodes into fragments!
The burst of rock shards engulfs the air elemental!
The burst of rock shards engulfs Sojobo.
The burst of rock shards engulfs the air elemental!
The burst of rock shards engulfs you but does no damage.
The burst of rock shards engulfs the tengu reaver but does no damage.
The burst of rock shards engulfs Sojobo!
The burst of rock shards engulfs the air elemental!!
You destroy the air elemental!
The air elemental disappears in a puff of smoke!
The burst of rock shards engulfs the air elemental!!
You destroy the air elemental!
The air elemental disappears in a puff of smoke!
A centaur warrior comes into view.
Sojobo gestures at you while chanting. The bolt of lightning hits you!
You resist.
You die...

...#...#...##......#..........
####.8.#....####)###..........
..†.†..#......................
######'#......................
......................########
................Q.....#
......................#{ {{
...............§§Q....#
##########......@p....#{
#............# #......§.....#
#########....# { #....# #....#
#....'. #....#c #....#


You could see Sojobo (repels missiles), a tengu reaver, a centaur warrior
(wandering) and a vault sentinel.

Vanquished Creatures
  A tengu reaver (Vaults:2)
  Donald (Abyss:1)
  6 nagarajas
  A ghoul (D:15)
  3 salamander tyrants
  An ironbound thunderhulk (Vaults:1)
  8 hydras
  Harold (Abyss:1)
  A rakshasa (Abyss:1)
  13 naga warriors
  6 centaur warriors
  3 catoblepae (Lair:6)
  Fannar (Orc:1)
  A boulder beetle (D:13)
  An ironbound frostheart (Vaults:1)
  9 anacondas
  A deep troll shaman (Lair:6)
  A tengu warrior (D:15)
  4 death yaks (Lair:6)
  2 vampire magi
  3 orc high priests
  Urug (D:11)
  4 shock serpents
  9 naga sharpshooters
  A salamander mystic (Snake:4)
  7 skeletal warriors
  2 spatial maelstroms (Abyss:2)
  3 naga ritualists
  A tengu zombie (D:15)
  2 wizards
  Pikel (D:7)
  4 lindwurms
  A necromancer (D:15)
  5 deep elf pyromancers
  5 orc knights
  An ironbound convoker (Vaults:1)
  A shadow dragon zombie (D:15)
  12 salamanders
  18 ugly things
  7 orc sorcerers
  A stone giant zombie (D:15)
  4 cyclopes
  A wolf spider zombie (D:15)
  3 mana vipers (Snake:1)
  30 elephants
  5 manticores
  8 naga magi
  Maurice (D:11)
  3 guardian serpents
  A frost giant skeleton (D:15)
  A guardian serpent (shapeshifter) (D:15)
  27 black mambas
  A smoke demon (Abyss:2)
  A torpor snail (Lair:6)
  A gargoyle (D:10)
  11 cane toads
  Maggie (Abyss:1)
  2 kobold demonologists
  2 efreet (D:15)
  6 komodo dragons
  3 rime drakes
  A yaktaur (Vaults:1)
  A tengu conjurer (D:15)
  2 meliai (D:15)
  6 polar bears
  2 large abominations
  2 merfolk (Lair:2)
  3 harpy zombies
  A hornet (D:8)
  4 trolls
  21 blink frogs
  19 slime creatures
  A meliai zombie (D:15)
  A raiju (Abyss:2)
  5 dream sheep (Lair:5)
  A shadow (D:10)
  5 wyverns
  3 basilisks
  2 wraiths
  A vampire (D:14)
  A human (shapeshifter) (D:14)
  16 humans (D:13)
  38 yaks
  Menkaure (D:6)
  4 vampire mosquitoes (D:12)
  2 spatial vortices (Abyss:2)
  3 steam dragons
  4 wargs
  17 nagas
  An acid dragon (D:12)
  8 water moccasins
  A black bear (D:5)
  26 orc warriors
  A sky beast (D:6)
  5 ogres
  A hornet zombie (D:15)
  4 ice beasts
  15 wolves
  7 centaurs
  4 kobold brigands
  A phantom (D:7)
  A small abomination (Abyss:1)
  11 bullfrogs
  A wyvern zombie (D:7)
  A scorpion (D:7)
  A hornet simulacrum (D:15)
  3 water moccasin skeletons
  14 killer bees
  An electric eel (Lair:2)
  6 howler monkeys
  7 centaur zombies
  6 hounds
  A jelly (D:6)
  2 centaur skeletons (D:6)
  A bullfrog skeleton (D:5)
  16 orc priests
  2 gnoll shamans
  26 orc wizards
  Terence (D:3)
  6 hell rats (Lair:4)
  Natasha (thrice) (D:2)
  4 iguanas
  6 mummies (D:15)
  A howler monkey zombie (D:9)
  21 gnolls
  8 adders
  A white imp (D:6)
  An adder skeleton (D:4)
  5 worms
  55 orcs
  4 ball pythons
  5 endoplasms
  16 giant cockroaches
  9 hobgoblins
  7 jackals (D:3)
  35 kobolds
  2 quokkas
  6 bats
  6 frilled lizards
  7 goblins
  9 rats
  A butterfly (Lair:2)
  A lurking horror (Lair:2)
827 creatures vanquished.

Vanquished Creatures (collateral kills)
  A cyclops (D:11)
  Psyche (D:11)
2 creatures vanquished.

Vanquished Creatures (others)
  A water elemental (Elf:1)
  2 orc priests
  2 orc wizards
  3 orcs
  A bush (Lair:6)
  25 fungi
  65 plants
  19 withered plants (D:15)
118 creatures vanquished.

Grand Total: 947 creatures vanquished

Notes
Turn   | Place    | Note
-------+----------+-------------------------------------------
     0 | Abyss:1  | Zenkrye the Formicid Abyssal Knight began the quest for the
                  | Orb.
     0 | Abyss:1  | Reached XP level 1. HP: 18/18 MP: 2/2
    43 | Abyss:1  | Found a corrupted altar of Lugonu.
    48 | Abyss:1  | Noticed a large abomination
    49 | D:1      | Escaped the Abyss
   185 | D:1      | Reached * piety under Lugonu
   220 | D:1      | Reached XP level 2. HP: 23/24 MP: 3/3
   671 | D:1      | Reached XP level 3. HP: 30/30 MP: 5/5
   744 | D:1      | Found a faded altar of an unknown god.
  1122 | D:2      | Found Qiukuaz's Jewellery Shop.
  1198 | D:2      | Reached ** piety under Lugonu
  1431 | D:2      | Reached XP level 4. HP: 36/37 MP: 6/6
  1484 | D:2      | Noticed Natasha
  1495 | D:2      | Killed Natasha
  1698 | D:2      | Reached XP level 5. HP: 32/43 MP: 7/7
  1770 | D:2      | Noticed Natasha
  1781 | D:2      | Killed Natasha
  1853 | D:2      | Noticed Natasha
  1865 | D:2      | Killed Natasha
  2508 | D:3      | Noticed Terence
  2519 | D:3      | Killed Terence
  2520 | D:3      | Reached XP level 6. HP: 50/50 MP: 9/9
  2863 | D:3      | Reached skill level 5 in Fighting
  3005 | D:3      | HP: 2/51 [orc priest (3)]
  3007 | D:3      | Reached skill level 5 in Invocations
  3599 | D:4      | Reached XP level 7. HP: 56/56 MP: 10/10
  3738 | D:4      | Found an iron altar of Okawaru.
  3908 | D:4      | Reached *** piety under Lugonu
  4690 | D:4      | Found an opulent altar of Gozag.
  4740 | D:5      | Entered Level 5 of the Dungeon
  4756 | D:5      | Reached skill level 5 in Armour
  5016 | D:5      | Found Goxen's Distillery.
  5251 | D:5      | Reached skill level 1 in Evocations
  5251 | D:5      | Reached XP level 8. HP: 50/65 MP: 9/12
  5444 | D:5      | Found a sparkling altar of Nemelex Xobeh.
  6209 | D:6      | Noticed Menkaure
  6222 | D:6      | Killed Menkaure
  6496 | D:6      | Noticed a moth of wrath
  6501 | D:6      | Found a bloodstained altar of Trog.
  6848 | D:6      | Reached XP level 9. HP: 19/74 MP: 3/15
  7215 | D:6      | Found a shimmering altar of Xom.
  7547 | D:6      | Found a radiant altar of Vehumet.
  8086 | D:6      | Found a staircase to the Ecumenical Temple.
  8127 | D:6      | Found a runed translucent door.
  8128 | D:6      | Noticed Crazy Yiuf
  8479 | D:7      | Noticed Pikel
  8494 | D:7      | Killed Pikel
  8495 | D:7      | Reached skill level 10 in Invocations
  8752 | D:7      | Reached **** piety under Lugonu
  8763 | D:7      | Reached skill level 10 in Fighting
  9042 | D:7      | Reached XP level 10. HP: 85/85 MP: 17/17
  9451 | D:7      | Identified the -2 pair of gloves "Hoamauqo" {rC+}
  9567 | D:7      | Found a blossoming altar of Fedhas.
  9642 | D:7      | Found Fosseog's Book Shoppe.
  9966 | D:8      | Noticed a cyclops
 10003 | D:8      | Killed a cyclops
 10471 | D:8      | Noticed Harold
 10478 | D:8      | Found a shimmering blue altar of Sif Muna.
 10706 | D:8      | Found a glowing golden altar of the Shining One.
 10767 | D:8      | Found a burning altar of Makhleb.
 10769 | D:8      | Noticed a green death
 10813 | D:8      | Banished Harold
 10923 | D:8      | Noticed Maggie
 10933 | D:8      | Banished Maggie
 11203 | D:8      | Reached XP level 11. HP: 77/99 MP: 15/18
 12211 | D:9      | Noticed a six-headed hydra
 12213 | D:9      | Banished a six-headed hydra
 12214 | D:9      | Reached skill level 4 in Axes
 12798 | D:9      | Reached skill level 5 in Axes
 12877 | D:10     | Entered Level 10 of the Dungeon
 13459 | D:10     | Reached skill level 6 in Axes
 13714 | D:10     | Found Sixagir's Distillery.
 13744 | D:10     | You fall into a shaft and drop 1 floor!
 13804 | D:11     | Upgraded the game from 0.28-a0-563-gf77a47075d to
                  | 0.28-a0-577-gb193047a1f
 13808 | D:11     | Found a staircase to the Lair.
 13824 | D:11     | Found a flagged portal.
 13849 | Bailey   | Entered a bailey
 13943 | Bailey   | Identified the +8 dagger "Potwi" {drain, MP+9 Str-2 Int+6
                  | Stlth+}
 13943 | Bailey   | Noticed an orc knight
 14074 | Bailey   | Banished an orc knight
 14075 | Bailey   | Reached skill level 7 in Axes
 14652 | D:11     | You are sucked into a shaft and drop 1 floor!
 14669 | D:12     | Reached skill level 1 in Shields
 14709 | D:12     | Noticed a two-headed ogre
 14710 | D:12     | Banished a two-headed ogre
 14749 | D:12     | Reached skill level 8 in Axes
 14836 | D:12     | Identified the +8 dire flail of Compulsion {vamp, rN+
                  | Str+6}
 14836 | D:12     | Noticed a two-headed ogre
 14836 | D:12     | Noticed a two-headed ogre
 14837 | D:12     | Noticed a two-headed ogre
 14837 | D:12     | Noticed a two-headed ogre
 14837 | D:12     | Noticed iamoutofideas's ghost (journeyman DEFE)
 14838 | D:12     | Found a transporter.
 14838 | D:12     | Noticed a two-headed ogre
 15040 | D:12     | Noticed a green ugly thing
 15042 | D:12     | Banished a green ugly thing
 15043 | D:12     | Reached XP level 12. HP: 96/107 MP: 10/19
 15551 | D:12     | Reached skill level 5 in Shields
 15612 | D:12     | Reached skill level 9 in Axes
 15813 | D:11     | Noticed Psyche
 15822 | D:11     | Killed Psyche
 15948 | D:11     | Noticed Maurice
 15969 | D:11     | Killed Maurice
 16118 | D:11     | Noticed a two-headed ogre
 16122 | D:11     | Banished a two-headed ogre
 16356 | D:11     | Noticed a rakshasa
 16547 | D:10     | Found a stormy altar of Qazlal.
 17003 | D:11     | Noticed Urug
 17012 | D:10     | Identified a scroll of acquirement
 17012 | D:10     | Acquired a +2 executioner's axe of venom
 17066 | D:11     | Killed Urug
 17067 | D:11     | Reached skill level 10 in Axes
 17672 | Lair:1   | Entered Level 1 of the Lair of Beasts
 19090 | Lair:2   | Noticed a seven-headed hydra
 19103 | Lair:2   | Killed a seven-headed hydra
 19198 | Lair:2   | Reached XP level 13. HP: 107/113 MP: 20/20
 19428 | Lair:2   | Reached skill level 11 in Axes
 20264 | Lair:2   | Reached skill level 10 in Shields
 20438 | Lair:2   | Found a corrupted altar of Lugonu.
 20607 | Lair:2   | Found a one-way gate to the infinite horrors of the Abyss.
 21133 | Lair:3   | Reached skill level 12 in Axes
 22777 | Lair:4   | Found a staircase to the Snake Pit.
 23277 | Lair:4   | Reached ***** piety under Lugonu
 23607 | Lair:4   | Acquired the ring "Hiasitot" {rC+ rCorr Dex+6 Stlth-}
 24110 | Lair:2   | Found a staircase to the Shoals.
 24422 | D:11     | Reached skill level 13 in Axes
 24746 | D:12     | Reached XP level 14. HP: 120/120 MP: 21/21
 24854 | D:12     | Found a staircase to the Orcish Mines.
 25022 | D:12     | Found a transporter.
 25285 | Orc:1    | Entered Level 1 of the Orcish Mines
 25285 | Orc:1    | Found Huseptaj's Book Shop.
 25430 | Orc:1    | Found Plog's Assorted Antiques.
 25444 | Orc:1    | Found Voor's General Store.
 25448 | Orc:1    | Found Myrecky's Antique Weapon Boutique.
 25451 | Orc:1    | Bought a +0 pair of boots for 72 gold pieces
 25485 | Orc:1    | Noticed Fannar
 25505 | Orc:1    | Killed Fannar
 25754 | Orc:1    | You fall into a shaft and drop 1 floor!
 25754 | Orc:2    | Entered Level 2 of the Orcish Mines
 25771 | Orc:2    | Noticed Donald
 25788 | Orc:2    | Banished Donald
 26262 | Orc:1    | Found Dyfall's Desiderata Depot.
 26314 | Orc:1    | Found a runed translucent gate.
 26372 | Orc:1    | Found a runed translucent gate.
 26394 | Orc:1    | Found a runed translucent gate.
 26395 | Orc:1    | Noticed Dittersdorf's ghost (journeyman GrFi)
 27175 | Orc:2    | Found a staircase to the Elven Halls.
 27219 | Orc:2    | Found Xunoef's Weapon Shop.
 27264 | Elf:1    | Entered Level 1 of the Elven Halls
 27760 | Elf:1    | Reached skill level 14 in Axes
 28496 | Orc:2    | Found Omolug's Magic Scroll Shoppe.
 28530 | Orc:2    | Found Fopp's General Store.
 28538 | Orc:2    | Found Qukkyttessy's Antique Armour Shoppe.
 28540 | Orc:2    | Bought a potion of curing for 39 gold pieces
 28969 | Orc:1    | Bought a twisted executioner's axe for 375 gold pieces
 28969 | Orc:1    | Identified the +6 executioner's axe of Qazlal's Hope
                  | {freeze, Dex+2} (You bought it in a shop on level 1 of the
                  | Orcish Mines)
 29030 | Orc:2    | Bought a scroll of brand weapon for 240 gold pieces
 29116 | D:13     | Noticed Rupert
 29116 | D:13     | Found a gate to the Vaults.
 29243 | D:13     | Found a runed translucent gate.
 29247 | D:13     | Found a runed translucent gate.
 29247 | D:13     | Found a runed translucent gate.
 29247 | D:13     | Noticed ClownBaby's ghost (adept DjIE)
 29582 | D:13     | Banished Rupert
 29645 | D:13     | Gained mutation: Your spells are a little easier to cast,
                  | but a little less powerful. [a neqoxec]
 29664 | D:13     | Reached XP level 15. HP: 127/127 MP: 22/22
 30358 | D:13     | Reached skill level 15 in Fighting
 30928 | D:14     | Reached skill level 15 in Axes
 32154 | D:15     | Entered Level 15 of the Dungeon
 32667 | D:15     | Reached skill level 15 in Shields
 33456 | D:15     | Noticed a ghoul
 33875 | D:15     | Reached skill level 16 in Axes
 34055 | D:15     | Banished a ghoul
 34065 | D:15     | Reached XP level 16. HP: 125/137 MP: 15/23
 34112 | D:15     | Found a staircase to the Depths.
 34543 | D:15     | Found a glowing golden altar of the Shining One.
 34914 | D:15     | Upgraded the game from 0.28-a0-577-gb193047a1f to
                  | 0.28-a0-595-g9f6c0e134a
 35138 | Snake:1  | Entered Level 1 of the Snake Pit
 35958 | D:2      | Bought the ring "Muygadyph" {rPois rF+ rC- Will+ Int+3} for
                  | 466 gold pieces
 37224 | Lair:5   | Noticed Sonja
 37226 | Lair:5   | Noticed Sonja
 37226 | Lair:5   | Sonja changed into Sonja the ice beast
 37229 | Lair:5   | Killed Sonja the ice beast
 38160 | Lair:6   | Entered Level 6 of the Lair of Beasts
 38289 | Lair:6   | Reached skill level 17 in Axes
 38345 | Lair:6   | Found a viscous altar of Jiyva.
 38355 | Lair:6   | Found a staircase to the Slime Pits.
 38461 | Lair:6   | Found an opulent altar of Gozag.
 38502 | Lair:6   | Reached skill level 10 in Armour
 39000 | Lair:6   | Reached XP level 17. HP: 145/145 MP: 24/24
 39956 | Lair:6   | Identified the +8 short sword of the Curious Bounties
                  | {freeze, *Slow rPois Will+++ Stlth-}
 40285 | Snake:2  | Reached skill level 1 in Dodging
 40847 | Snake:2  | Reached skill level 18 in Axes
 41530 | Snake:4  | Entered Level 4 of the Snake Pit
 43504 | Snake:4  | Reached XP level 18. HP: 43/155 MP: 26/26
 44054 | Snake:4  | Found Vuur's Assorted Antiques.
 44062 | Snake:4  | Bought a scroll of fog for 46 gold pieces
 44062 | Snake:4  | Bought a scroll of fear for 80 gold pieces
 44071 | Snake:4  | Bought a scroll labelled NIN DAGORPHEUTY for 23 gold pieces
 44245 | Snake:4  | Reached skill level 5 in Evocations
 44461 | Snake:4  | Got a serpentine rune of Zot
 44716 | Lair:2   | Voluntarily entered the Abyss.
 44745 | Abyss:1  | Identified the ring of Twilight {rC+ MP+9 Int+4 Dex-3}
 44761 | Lair:2   | Escaped the Abyss
 45078 | Lair:2   | Voluntarily entered the Abyss.
 45103 | Abyss:1  | Killed Harold
 45122 | Abyss:1  | Killed Maggie
 45128 | Abyss:1  | Killed Donald
 45140 | Lair:2   | Escaped the Abyss
 45302 | Lair:2   | Voluntarily entered the Abyss.
 45426 | Lair:2   | Escaped the Abyss
 45859 | Vaults:1 | Entered Level 1 of the Vaults
 46141 | Vaults:1 | Reached skill level 19 in Axes
 46146 | Vaults:1 | You fall into a shaft and drop 1 floor!
 46690 | Vaults:2 | Found a staircase to the Crypt.
 46690 | Vaults:2 | Found an ancient bone altar of Kikubaaqudgha.
 46690 | Vaults:2 | Found a basalt altar of Yredelemnul.
 46914 | Vaults:2 | Found Jevvas's Jewellery Emporium.
 46915 | Vaults:2 | Noticed Sojobo
 46948 | Vaults:2 | Killed from afar by Sojobo

Illustrated notes

Levels and vault maps discovered:
D:1:      lightli_arrival_lavapool, layout_loops_ring,
          ebering_ecumenical_altar_hall
D:2:      minmay_roachtagon, layout_basic, serial_shops,
          nicolae_shop_temple_entry_statues_fountains, uniq_natasha
D:3:      layout_rooms, serial_glass, glass_columns_b, glass_columns_a,
          grunt_decor_junction, minivault_14, minmay_door_square,
          minmay_misc_feat_doors, chequers_serial_rivers_small_b,
          minmay_stone_trees_small, lightli_corner_chamber, uniq_terence
D:4:      layout_basic, okawaru_metal_pillars_1_2, mainiacjoe_overflow_alcove_1,
          hex_medium
D:5:      layout_basic, nemelex_spade_bored_becter, nicolae_stop_n_shop_2
D:6:      layout_loops_cross, tgw_trog, grunt_temple_overflow_open,
          minmay_temple_entry_nine_rooms, uniq_crazy_yiuf_cottage, uniq_menkaure
D:7:      layout_gridville, overflow_temple_1_default, serial_shops,
          nicolae_diamond_shop, uniq_pikel
D:8:      layout_rooms, kennysheep_mini_moat, amcnicky_altar_gilded,
          makhleb_altar_promises_db, uniq_harold, uniq_maggie
D:9:      layout_irregular_city, serial_bayou_lake_a
D:10:     layout_loops_ring, lemuel_doored_altar, serial_shops, shop
D:11:     layout_irregular_city, lair_entry_dummy, enter_bailey_4,
          kennysheep_generic_room_15, uniq_maurice, uniq_urug, uniq_psyche
D:12:     layout_irregular_city, orc_0_dummy, gammafunk_ghost_smash
D:13:     lemuel_flame_loot_2, layout_loops_ring, david_vaults_3,
          biasface_ghost_orc_armoury
D:14:     layout_cave_pods, chequers_serial_rivers_large_a
D:15:     gammafunk_depths_entry_grave, layout_gridville,
          nicolae_tso_carved_into_rock, serial_undead, serial_undead_b,
          serial_undead_e, serial_undead_b, serial_undead_e, serial_undead_a,
          serial_undead_d, serial_undead_e, serial_undead_f
Lair:1:   layout_regular_city, nicolae_quartered_pool_medium,
          grunt_megastairs_2, infiniplex_staircase_pool_2
Lair:2:   layout_roguey, elwin_shoals_entry_rooms,
          amcnicky_altar_lugonu_corruption, lemuel_fruit_fields,
          serial_bayou_shore_a
Lair:3:   layout_cellular_growth
Lair:4:   layout_gridlike, guppyfry_snake_entry_garden, serial_bayou_shore_b
Lair:5:   layout_regular_city, uniq_sonja
Lair:6:   grunt_lair_end_beastmaster, layout_hall_layers, slime_altar_1,
          basic_altar
Snake:1:  layout_rooms
Snake:2:  layout_misc_corridors, nicolae_snake_lava_pool
Snake:3:  layout_onion, nicolae_snake_bzzzt, minmay_shop_grove
Snake:4:  grunt_snake_rune_serpentine_throne, layout_misc_corridors,
          serial_shops, shop, lemuel_fruit_tree
Orc:1:    layout_diamond_mine, basic_altar, gammafunk_ghost_necromancy,
          serial_shops, nicolae_shop_waterfront,
          nicolae_shop_competitors_out_of_business, nicolae_shop_waterfront,
          shop_statue, nicolae_alphabet_shops, uniq_fannar
Orc:2:    st_orc_elflike, layout_diamond_mine, portal_ice_cave_entry_pillars_1,
          uniq_donald
Elf:1:    eino_elf_arrival_altar, layout_onion_city, gammafunk_ghost_arena,
          serial_glass, glass_columns_a, glass_columns_b, glass_columns_a,
          glass_columns_a, glass_columns_a, glass_columns_b, glass_columns_a,
          glass_columns_a, glass_columns_a, glass_columns_c,
          kennysheep_underground_church, drop_trap, minmay_shop_grid_forest,
          door_vault
Vaults:1: grunt_vaults_bifocal, v_misc_25, ontoclasm_vaults_ring_large,
          ontoclasm_vaults_ring_small, nicolae_vaults_three_branches,
          ontoclasm_vaults_ligature, vaults_room_boxed,
          nicolae_vaults_little_squares_6, vaults_room_grunt_arrival_ludios,
          vaults_room_fours, ontoclasm_vaults_gateway, hangedman_vaults_pinch,
          layout_vaults_omnigrid
Vaults:2: minmay_crypt_entry_necro_gods, v_alt_pattern_3, hangedman_vaults_maws,
          vaults_room_fancy_cross, nicolae_vaults_rhombus_6,
          hangedman_vaults_corner_blocks, v_misc_5, vaults_room_pools,
          grunt_vaults_funnel, hangedman_vaults_snaps, special_room_vaults
          [special_room_orc], layout_vaults_chaotic_city, serial_shops, shop,
          uniq_nikola, uniq_sojobo

Skill      XL: |  1  2  3  4  5  6  7  8  9 10 11 12 13 14 15 16 17 18 |
---------------+-------------------------------------------------------+-----
Invocations    | 3 4 5 6 8 10 11 | 11.5
Armour         | 3 4 5 6 8 10 11 12 | 12.0
Fighting       | 4 5 6 7 10 13 14 15 16 17 | 17.5
Evocations     | 1 3 4 5 |  5.0
Axes           | 8 10 13 14 16 17 18 19 | 19.0
Shields        | 3 9 12 14 15 16 | 16.0
Dodging        | 3 4 |  4.7

Action                   |  1- 3 |  4- 6 |  7- 9 | 10-12 | 13-15 | 16-18 || total
-------------------------+-------+-------+-------+-------+-------+-------++-------
Melee: Hand axe          |    20 |       |       |       |       |       ||    20
       Whip              |    96 |   167 |   305 |   616 |       |       ||  1184
       Staff             |    11 |       |       |       |       |       ||    11
       War axe           |       |       |       |     7 |       |       ||     7
       Broad axe         |       |       |       |    19 |   851 |    21 ||   891
       Eveningstar       |       |       |       |    12 |       |       ||    12
       Battleaxe         |       |       |       |       |   467 |   540 ||  1007
       Executioner's axe |       |       |       |       |       |   409 ||   409
 Fire: Hunting sling     |       |       |     8 |    40 |       |       ||    48
       Arbalest          |       |       |       |       |       |    14 ||    14
Throw: Dart              |       |     8 |    14 |    29 |     1 |     2 ||    54
       Javelin           |       |       |       |     8 |       |       ||     8
       Boomerang         |       |       |       |    34 |   122 |    74 ||   230
Invok: Depart the Abyss  |     1 |       |       |       |       |     3 ||     4
       Banish            |       |       |     2 |    12 |    18 |     6 ||    38
       Bend Space        |       |       |       |       |     3 |     5 ||     8
 Abil: Dig               |       |     2 |       |     4 |    17 |     5 ||    28
       Shaft Self        |       |       |       |       |       |     1 ||     1
Evoke: Wand              |       |       |     2 |    17 |     5 |     2 ||    26
       Box of beasts     |       |       |       |     1 |     2 |       ||     3
       Tin of tremorston |       |       |       |       |       |     1 ||     1
  Use: Potion            |     1 |       |     2 |     5 |    10 |     7 ||    25
       Scroll            |       |     2 |     7 |    11 |     7 |     7 ||    34
 Stab: Invisible         |       |       |       |       |    12 |       ||    12
       Distracted        |       |       |       |       |     1 |       ||     1
       Petrified         |       |       |       |       |       |     5 ||     5
Armor: Leather armour    |    24 |       |       |       |       |       ||    24
       Ring mail         |    43 |    44 |       |       |       |       ||    87
       Scale mail        |       |     7 |   124 |    14 |       |       ||   145
       Chain mail        |       |       |       |    15 |       |       ||    15
       Plate armour      |       |       |       |   272 |   351 |   304 ||   927
       Skin              |       |       |       |       |     6 |       ||     6
Dodge: Dodged            |    91 |    83 |   180 |   370 |   338 |   240 ||  1302
Block: Tower shield      |       |       |       |       |  1068 |   920 ||  1988
       Kite shield       |       |       |       |       |       |    55 ||    55
       Reflection        |       |       |       |       |       |     7 ||     7

Table legend: (Time is in decaauts)
 A = Elapsed time spent in this place.
 B = Non-inter-level travel time spent in this place.
 C = Inter-level travel time spent in this place.
 D = Time resting spent in this place.
 E = Time spent auto-exploring this place.
 F = Levels seen in this place.
 G = Mean time per level.
                   A        B        C        D        E       F      G
               +--------+--------+--------+--------+--------+-----+--------+
         Total |  47077 |  44562 |   2515 |  12092 |  24282 |  36 | 1307.7 |
       Dungeon |  24290 |  22808 |   1482 |   4385 |  14458 |  15 | 1619.3 |
          Lair |  11247 |  10588 |    659 |   1776 |   7265 |   6 | 1874.5 |
     Snake Pit |   5728 |   5478 |    250 |   3169 |   1018 |   4 | 1432.0 |
  Orcish Mines |   3098 |   2977 |    121 |   1275 |    996 |   2 | 1549.0 |
   Elven Halls |    703 |    703 |      0 |    685 |      0 |   1 |  703.0 |
        Vaults |   1085 |   1085 |      0 |    564 |    331 |   2 |  542.5 |
         Abyss |    275 |    275 |      0 |      0 |     66 |   5 |   55.0 |
        Bailey |    648 |    648 |      0 |    238 |    147 |   1 |  648.0 |
               +--------+--------+--------+--------+--------+-----+--------+

Top non-repeatable levels by time:
  Lair:2: 3273 daAuts
 Snake:3: 2606 daAuts
     D:6: 2575 daAuts
    D:14: 2500 daAuts
     D:9: 2029 daAuts
  Lair:6: 1963 daAuts
    D:12: 1958 daAuts
    D:15: 1763 daAuts
  Lair:4: 1706 daAuts
  Lair:3: 1685 daAuts
   Orc:1: 1648 daAuts
     D:2: 1630 daAuts
    D:10: 1573 daAuts
    D:13: 1542 daAuts
   Orc:2: 1450 daAuts
